 Dungeon Crawl Stone Soup version 0.22.1-2-g9c5b331383 (webtiles) character file.

122 Ivernyr the Chiller (level 5, -1/24 HPs)
             Began as a Vine Stalker Ice Elementalist on Nov 16, 2018.
             Killed by nerve-wracking pain
             ... invoked by an orc priest
              (4 damage)
             ... on level 3 of the Dungeon.
             The game lasted 00:12:01 (2864 turns).

Ivernyr the Chiller (Vine Stalker Ice Elementalist) Turns: 2864, Time: 00:12:02

Health: -1/24      AC:  7    Str: 10    XL:     5   Next: 6%
Magic:  0/10       EV: 13    Int: 16    God:
Gold:   107        SH:  0    Dex: 15    Spells: 6/10 levels left

rFire    . . .     SeeInvis .   e - +0 whip
rCold    . . .     Gourm    .   (no shield)
rNeg     . . .     Faith    .   a - +0 robe
rPois    .         Spirit   +   i - +0 helmet
rElec    .         Reflect  .   (no cloak)
rCorr    .         Harm     .   b - +2 pair of gloves
MR       .....                  k - +0 pair of boots
Stlth    ++........             (no amulet)
HPRegen  0.48/turn              (no ring)
MPRegen  0.12/turn              (no ring)

@: very slightly contaminated
A: fangs 2, regeneration 1, magic shield, antimagic bite, no potion heal 3, rot
immunity
a: no special abilities


You were on level 3 of the Dungeon.
You were hungry.

You visited 1 branch of the dungeon, and saw 3 of its levels.

You collected 107 gold pieces.

Inventory:

Hand Weapons
 e - a +0 whip (weapon)
Missiles
 m - 2 tomahawks (quivered)
Armour
 a - a +0 robe (worn)
 b - a +2 pair of gloves (worn)
 i - a +0 helmet (worn)
 k - a +0 pair of boots (worn)
Scrolls
 h - 3 scrolls of enchant weapon
 l - a scroll of enchant armour {unknown}
 p - a scroll of noise {unknown}
Potions
 d - a potion of curing {unknown}
 f - a potion of haste {unknown}
 g - a potion of brilliance {unknown}
 j - 2 potions of resistance {unknown}
 n - a potion of degeneration {unknown}
 o - a potion of lignification {unknown}
Comestibles
 c - 7 rations


   Skills:
 + Level 2.4 Dodging
 - Level 2.4 Stealth
 + Level 3.1 Spellcasting
   Level 1.0 Conjurations
 * Level 4.4 Ice Magic


You had 6 spell levels left.
You knew the following spells:

 Your Spells              Type           Power        Failure   Level  Hunger
a - Freeze                Ice            ###.         3%          1    None
b - Ozocubu's Armour      Chrm/Ice       #.......     22%         3    ###....

Your spell library contained the following spells:

 Spells                   Type           Power        Failure   Level  Hunger
 Throw Frost              Conj/Ice       ##....       9%          2    ##.....
 Throw Icicle             Conj/Ice       ##......     52%         4    ####...
 Summon Ice Beast         Ice/Summ       #.......     58%         4    ####...


Dungeon Overview and Level Annotations

Branches:
Dungeon (3/15)

Altars:
Sif Muna


Innate Abilities, Weirdness & Mutations

You have extremely sharp teeth.
Your natural rate of healing is unusually fast.
When hurt, damage is shared between your health and your magic reserves.
Your bite disrupts and absorbs the magic of your enemies.
Potions cannot restore your health.
You are immune to rotting.


Message History

The jackal bites you but does no damage.
The jackal closely misses you.
The jackal bites you but does no damage.
You closely miss the orc priest.
The orc priest is severely wounded.
The bat closely misses you. The jackal bites you.
* * * LOW HITPOINT WARNING * * *
The orc priest closely misses you. The jackal bites you.
* * * LOW HITPOINT WARNING * * *
The jackal bites you but does no damage.
The jackal closely misses you.
You hit the orc priest but do no damage.
You bite the orc priest, but do no damage.
The orc priest is severely wounded.
The jackal closely misses you.
The jackal bites you but does no damage.
The bat barely misses you.
The orc priest calls down the wrath of Beogh upon you.
Pain shoots through your body!
You die...

..... ### ..... #<# ###
##..... #.# ##### ##.##
.....o. #.#### #...#
####..†##...b... #.#...
#...####.....h.#.b...#
#)#.##
###........#...h@#(....#
#)#.##
...........#...bohb....#
###.....
#####.....###...##.....#
#.....#. #######...#
##.## .....# #.#####.
....# ##### ###
.........#.(... ....#
######## #.#### ....#
#.# ....# ######.# #####
#......#


You could see an orc priest, 3 jackals and 2 bats.

Vanquished Creatures
  An adder (D:2)
  3 gnolls (D:2)
  2 oozes
  A worm (D:2)
  A dart slug (D:2)
  3 leopard geckos
  3 orcs (D:3)
  2 giant cockroaches (D:3)
  5 goblins
  9 hobgoblins
  3 jackals
  6 kobolds
  2 quokkas
  A ball python (D:2)
  10 bats
  4 frilled lizards (D:2)
  5 rats
61 creatures vanquished.

Notes
Turn   | Place    | Note
-------+----------+-------------------------------------------
     0 | D:1      | Ivernyr the Vine Stalker Ice Elementalist began the quest
                  | for the Orb.
     0 | D:1      | Reached XP level 1. HP: 9/9 MP: 4/4
   423 | D:1      | Reached XP level 2. HP: 13/13 MP: 1/6
  1160 | D:2      | Reached XP level 3. HP: 16/16 MP: 3/7
  1202 | D:2      | Learned a level 3 spell: Ozocubu's Armour
  2059 | D:2      | Gained mutation: Your natural rate of healing is unusually
                  | fast. [Vine Stalker growth]
  2059 | D:2      | Reached XP level 4. HP: 21/21 MP: 5/9
  2068 | D:2      | Reached skill level 4 in Ice Magic
  2518 | D:3      | Found a deep blue altar of Sif Muna.
  2784 | D:3      | Reached XP level 5. HP: 20/24 MP: 6/10
  2864 | D:3      | Killed from afar by an orc priest

Skill      XL: |  1  2  3  4 |
---------------+-------------+-----
Dodging        | 2 |  2.4
Ice Magic      | 4 |  4.4
Spellcasting   | 3 |  3.1
Stealth        | |  2.4
Conjurations   | |  1.0

Action                   |  1- 3 |  4- 6 || total
-------------------------+-------+-------++-------
Melee: Club              |    16 |     4 ||    20
       Bite              |     3 |     5 ||     8
       Whip              |       |    15 ||    15
Throw: Tomahawk          |     2 |       ||     2
 Cast: Freeze            |    61 |    46 ||   107
  Use: Scroll            |       |     4 ||     4
 Stab: Sleeping          |     2 |       ||     2
  Eat: Chunk             |     4 |     2 ||     6
Armor: Robe              |    20 |    58 ||    78
Dodge: Dodged            |    44 |   110 ||   154
